[Event "Titled Tuesday Blitz May 10 Late 2022"]
[White "Koziorowicz, Michal"]
[Black "Rorrer, Grayson"]
[WhiteFideId "21809194"]
[BlackFideId "30944996"]
[WhiteElo "2219"]
[BlackElo "2122"]
[Result "1-0"]
[Round "10"]
[TimeControl "180+1"]
[Date "2022.05.10"]
[WhiteClock "0:00:16"]
[BlackClock "0:00:05"]

1. Nc3 d5 2. d4 Nf6 3. Bg5 Nbd7 4. Qd3 h6 5. Bh4 c6 6. O-O-O e5 7. dxe5 Nxe5 8. Qe3 Qe7 9. Bxf6 gxf6 10. Nf3 Ng4 11. Qd4 Qc5 12. e4 Nxf2 13. Qxf6 Nxd1 14. Kxd1 Rg8 15. exd5 Bg7 16. Qf4 Bxc3 17. Qe4+ Kf8 18. bxc3 Qxd5+ 19. Qxd5 cxd5 20. Nd4 Bd7 21. g3 Rc8 22. Kd2 Rg6 23. Bg2 Bc6 24. Rf1 Re8 25. Rf5 Rg5 26. Rf4 Rge5 27. Rf6 Kg7 28. Rd6 h5 29. Bf3 h4 30. gxh4 Kh7 31. h3 Rg8 32. Bg4 Kh8 33. h5 Reg5 34. Nf3 R5g7 35. Ne5 Re8 36. Nf3 Re4 37. Nd4 Rg8 38. Rh6+ Kg7 39. Rd6 Rge8 40. h6+ Kh8 41. Bf5 Rf4 42. Bd3 Rf2+ 43. Kc1 Rh2 44. Bf5 Rh1+ 45. Kb2 Ree1 46. Rd8+ Be8 47. Ne6 Rhg1 48. Rxe8+ Rg8 49. Rxg8+ Kxg8 50. h7+ Kh8 51. Ng5 Re7 52. h4 f6 53. Nf3 Re2 54. Nd4 Rf2 55. Kb3 Rh2 56. Kb4 Rxh4 57. Kc5 Rh2 58. Kxd5 b6 59. Ke6 Rh6 60. Bd3 f5+ 61. Kxf5 Rh1 62. Ke5 Ra1 63. Nc6 Rxa2 64. Nd8 Ra5+ 65. Kf6 1-0


[Site "https://www.chess.com"]

[Event "Titled Tuesday Blitz May 10 Late 2022"]
[White "Kujawski, Adam"]
[Black "Bongo Akanga Ndjila, Barthelemy"]
[WhiteFideId "1100920"]
[BlackFideId "10609431"]
[WhiteElo "1982"]
[BlackElo "1768"]
[Result "1-0"]
[Round "10"]
[TimeControl "180+1"]
[Date "2022.05.11"]
[WhiteClock "0:01:26"]
[BlackClock "0:01:53"]

1. e4 d6 2. d4 g6 3. Nc3 Nf6 4. h3 c5 5. dxc5 Qa5 6. Bb5+ Bd7 7. Qe2 dxc5 8. Nf3 Bg7 9. e5 Nd5 10. Bxd7+ Nxd7 11. Bd2 Nxc3 12. Bxc3 Qb6 13. O-O-O O-O 14. Rxd7 e6 15. Rhd1 a5 16. a4 Rfd8 17. Qb5 Qxb5 18. Rxd8+ Bf8 19. axb5 1-0


[Site "https://www.chess.com"]

[Event "Titled Tuesday Blitz May 10 Late 2022"]
[White "Ladan, Nicholas"]
[Black "Cilek, Bora"]
[WhiteFideId "30918855"]
[BlackFideId "34502165"]
[WhiteElo "2167"]
[BlackElo "2453"]
[Result "1-0"]
[Round "10"]
[TimeControl "180+1"]
[Date "2022.05.11"]
[WhiteClock "0:00:40"]
[BlackClock "0:00:11"]

1. d4 Nf6 2. c4 e6 3. g3 d5 4. Nf3 Be7 5. Bg2 O-O 6. O-O c6 7. Qc2 b6 8. Rd1 Ba6 9. b3 Nbd7 10. a4 Rc8 11. a5 b5 12. c5 b4 13. Bd2 Bxe2 14. Re1 Ba6 15. Bxb4 Rb8 16. Bd2 Rb7 17. Nc3 Qc8 18. Bf1 Bxf1 19. Kxf1 a6 20. Na4 Rb5 21. Nb6 Qb7 22. b4 Bd8 23. Kg2 Bc7 24. Ne5 Nxe5 25. dxe5 Ne4 26. Rxe4 dxe4 27. Qxe4 Rd8 28. Bc3 h6 29. h4 Bb8 30. h5 Bc7 31. Rh1 Bxb6 32. axb6 Qd7 33. Ra1 Qd3 34. Qxd3 Rxd3 35. Be1 Rd5 36. f4 f6 37. exf6 gxf6 38. Rxa6 Rd7 39. Ra7 Rd8 40. Rc7 e5 41. Rxc6 Kf7 42. fxe5 fxe5 43. Rxh6 e4 44. Kf2 Rd1 45. Ke2 Rb1 46. b7 Rb2+ 47. Ke3 Rb3+ 48. Kxe4 Rb1 49. Rb6 Rxe1+ 50. Kd5 Rxb6 51. cxb6 Re8 52. g4 Ke7 53. Kc6 Rg8 54. Kc7 1-0


[Site "https://www.chess.com"]

[Event "Titled Tuesday Blitz May 10 Late 2022"]
[White "Lashkin, Jegor"]
[Black "Barria Zuniga, Daniel"]
[WhiteFideId "13907808"]
[BlackFideId "3400816"]
[WhiteElo "2368"]
[BlackElo "2414"]
[Result "0-1"]
[Round "10"]
[TimeControl "180+1"]
[Date "2022.05.10"]
[WhiteClock "0:00:01"]
[BlackClock "0:00:08"]

1. Nf3 d5 2. b3 Bg4 3. Bb2 Bxf3 4. exf3 e6 5. f4 Nf6 6. g3 g6 7. Bg2 Bg7 8. O-O O-O 9. d3 c5 10. Nd2 Nc6 11. Nf3 Nd7 12. Bxg7 Kxg7 13. c3 Qf6 14. Qd2 b5 15. d4 b4 16. cxb4 cxb4 17. Rac1 Rfc8 18. Rc2 Rc7 19. Rfc1 Rac8 20. Bf1 Ndb8 21. Bb5 Qe7 22. Rc5 a5 23. R1c2 Na7 24. Be2 Rxc5 25. dxc5 Nbc6 26. h4 Kg8 27. h5 f6 28. hxg6 hxg6 29. Bd3 Kg7 30. Nh4 f5 31. Nf3 Qf6 32. Kg2 Rc7 33. Qe3 Nc8 34. Bb5 N8e7 35. Re2 Nd8 36. Ne5 Nec6 37. Nf3 Ne7 38. Re1 Qc3 39. Qe2 Rxc5 40. Bd7 Qf6 41. Ng5 e5 42. Rh1 e4 43. Rh7+ Kg8 44. Qd1 d4 45. Qh1 d3 46. Be8 e3 47. Bf7+ Nxf7 48. Rxf7 Qxf7 49. Nxf7 Kxf7 50. fxe3 d2 51. Qd1 Rd5 52. Kf3 Ng8 53. e4 Rd3+ 54. Ke2 fxe4 55. Kf2 Nf6 56. f5 gxf5 57. Kg2 Ke6 58. Kh3 f4 59. Kh4 fxg3 60. Kg5 g2 61. Kf4 Rf3+ 62. Kg5 Rg3+ 63. Kf4 g1=Q 64. Qxd2 Rf3# 0-1


[Site "https://www.chess.com"]

[Event "Titled Tuesday Blitz May 10 Late 2022"]
[White "Lehtosaari, Mauri"]
[Black "Sargsyan, Anna M."]
[WhiteFideId "501999"]
[BlackFideId "13308130"]
[WhiteElo "2518"]
[BlackElo "2271"]
[Result "0-1"]
[Round "10"]
[TimeControl "180+1"]
[Date "2022.05.11"]
[WhiteClock "0:00:05"]
[BlackClock "0:00:08"]

1. d4 d5 2. Nf3 Nf6 3. Bg5 Nbd7 4. Nbd2 h6 5. Bh4 g5 6. Bg3 Bg7 7. e3 c6 8. c4 Ne4 9. Nxe4 dxe4 10. Nd2 f5 11. Qh5+ Kf8 12. Qd1 e5 13. dxe5 Nxe5 14. Bxe5 Bxe5 15. Qb3 Qe7 16. Be2 Be6 17. O-O Kg7 18. Qc2 Rad8 19. Rad1 Rd7 20. Nb3 Rhd8 21. Rxd7 Rxd7 22. f3 exf3 23. Bxf3 Qd6 24. h3 Qb4 25. Be2 Qb6 26. c5 Qb4 27. Bd3 f4 28. Bf5 Bxb3 29. axb3 Rd2 30. Qc1 fxe3 31. Be6 Bf4 32. g3 e2 33. Re1 Qd4+ 34. Kg2 Rd1 35. Qc2 Rxe1 36. Qf5 Rg1+ 37. Kf3 Rxg3+ 38. Kxe2 Re3+ 39. Kf1 Qd1+ 0-1


[Site "https://www.chess.com"]

[Event "Titled Tuesday Blitz May 10 Late 2022"]
[White "Leiva, Gianmarco"]
[Black "Karttunen, Mika"]
[WhiteFideId "3804399"]
[BlackFideId "502081"]
[WhiteElo "2323"]
[BlackElo "2343"]
[Result "0-1"]
[Round "10"]
[TimeControl "180+1"]
[Date "2022.05.10"]
[WhiteClock "0:00:12"]
[BlackClock "0:00:06"]

1. e4 c5 2. Nf3 d6 3. d4 cxd4 4. Nxd4 Nf6 5. Nc3 a6 6. Bg5 e6 7. Qf3 Nbd7 8. O-O-O Qc7 9. Qg3 b5 10. Bxb5 axb5 11. Ndxb5 Qb8 12. Nxd6+ Bxd6 13. Qxd6 Qxd6 14. Rxd6 h6 15. Bxf6 gxf6 16. f3 Ke7 17. Rhd1 Rd8 18. b3 Bb7 19. a4 Nc5 20. Rxd8 Rxd8 21. Rxd8 Kxd8 22. Kb2 e5 23. b4 Ne6 24. Nd1 f5 25. exf5 Nd4 26. Ne3 e4 27. f4 h5 28. c4 Bc8 29. a5 Nxf5 30. Nxf5 Bxf5 31. Kc3 e3 32. b5 Kc7 33. c5 Kb7 34. a6+ Ka7 35. g3 f6 36. h3 Be4 37. g4 hxg4 38. hxg4 Bb1 39. f5 Be4 40. g5 fxg5 41. f6 Bg6 42. c6 Kb6 43. c7 Kxc7 44. a7 Kb7 45. b6 g4 46. Kd4 e2 47. Kc5 e1=Q 48. Kd6 Qd2+ 49. Ke7 Qe3+ 50. Kf8 Qe6 51. a8=Q+ Kxa8 52. b7+ Kxb7 53. Kg7 Qf7+ 54. Kh6 g3 55. Kg5 g2 56. Kh6 Bc2 57. Kg5 g1=Q+ 58. Kf4 Qf1+ 59. Ke3 Qe6+ 60. Kd2 Qd3+ 61. Kc1 Qd1+ 62. Kb2 Qb3# 0-1


[Site "https://www.chess.com"]

[Event "Titled Tuesday Blitz May 10 Late 2022"]
[White "Lewtak, Damian"]
[Black "Stremavicius, Titas"]
[WhiteFideId "1141724"]
[BlackFideId "12804444"]
[WhiteElo "2362"]
[BlackElo "2404"]
[Result "0-1"]
[Round "10"]
[TimeControl "180+1"]
[Date "2022.05.10"]
[WhiteClock "0:00:07"]
[BlackClock "0:00:06"]

1. a3 g6 2. Nc3 Bg7 3. d4 d6 4. e4 Nf6 5. h3 O-O 6. Nf3 c6 7. Be2 Qc7 8. O-O e5 9. dxe5 dxe5 10. Be3 Nh5 11. Qc1 Nf4 12. Rd1 Nxe2+ 13. Nxe2 Re8 14. c4 Be6 15. c5 a5 16. Qc3 f6 17. b4 axb4 18. axb4 Rxa1 19. Rxa1 Na6 20. Ne1 Qd7 21. Nd3 Nc7 22. Rd1 Nb5 23. Qa1 Qc8 24. Nc3 Nd4 25. Bxd4 exd4 26. Ne2 f5 27. e5 Bb3 28. Rd2 Bxe5 29. Nxe5 Rxe5 30. Qxd4 Qe8 31. Nf4 g5 32. Nd3 Re4 33. Qf6 Qg6 34. Qd8+ Re8 35. Qd6 Bd5 36. Ne5 Qe6 37. Qxe6+ Rxe6 38. Nd3 Re4 39. f3 Rd4 40. Kf2 f4 41. Ke1 Kg7 42. Kd1 Kf6 43. Kc2 Be6 44. Kc3 Rc4+ 45. Kb2 Bf5 46. Kb3 Rd4 47. Kc3 Rd8 48. Nf2 Re8 49. Rd6+ Kg7 50. Ng4 Re2 51. Kd4 h5 52. Ne5 Rxg2 53. Rd8 Bxh3 54. Rb8 Rd2+ 55. Kc3 Re2 56. Rxb7+ Kf6 57. Nxc6 g4 58. Nd4 Re3+ 59. Kd2 g3 60. Ne2 g2 61. Nxf4 g1=Q 62. Nd5+ Ke5 63. Nxe3 Qf2+ 64. Kd3 Bf1+ 65. Nxf1 Qxf3+ 66. Kc4 Qxb7 67. b5 Qe4+ 68. Kc3 Qf3+ 0-1


[Site "https://www.chess.com"]

[Event "Titled Tuesday Blitz May 10 Late 2022"]
[White "Matinian, Nikita"]
[Black "Hnydiuk, Aleksander"]
[WhiteFideId "24129100"]
[BlackFideId "1109057"]
[WhiteElo "2422"]
[BlackElo "2374"]
[Result "1/2-1/2"]
[Round "10"]
[TimeControl "180+1"]
[Date "2022.05.10"]
[WhiteClock "0:01:55"]
[BlackClock "0:00:45"]

1. e4 c6 2. d4 d5 3. exd5 cxd5 4. Nf3 Nc6 5. c3 Bf5 6. Bb5 e6 7. Ne5 Ne7 8. O-O f6 9. Nxc6 bxc6 10. Bd3 Qd7 11. Re1 Kf7 12. Na3 Bxd3 13. Qxd3 Nf5 14. Nc2 Bd6 15. Bd2 Rhe8 16. Re2 e5 17. dxe5 fxe5 18. Qh3 Kg8 19. Ne3 Rf8 20. Rae1 Rf7 21. f3 Raf8 22. Ng4 e4 23. fxe4 Bc5+ 24. Kh1 Ng3+ 25. hxg3 Rf1+ 26. Rxf1 Rxf1+ 27. Kh2 Bg1+ 28. Kh1 Be3+ 29. Kh2 Bg1+ 30. Kh1 Bf2+ 31. Kh2 Bg1+ 1/2-1/2


[Site "https://www.chess.com"]

[Event "Titled Tuesday Blitz May 10 Late 2022"]
[White "Melikhov, Evgeny V."]
[Black "Prieto Aranguren, Alain"]
[WhiteFideId "4122046"]
[BlackFideId "2268906"]
[WhiteElo "1931"]
[BlackElo "2235"]
[Result "1-0"]
[Round "10"]
[TimeControl "180+1"]
[Date "2022.05.11"]
[WhiteClock "0:01:24"]
[BlackClock "0:00:43"]

1. d4 d5 2. c4 c6 3. Nc3 Nf6 4. e3 h5 5. Nf3 h4 6. h3 e6 7. Bd3 Rh5 8. O-O dxc4 9. Bxc4 b5 10. Bd3 Bb7 11. e4 Be7 12. e5 Nd5 13. Ne4 Na6 14. a3 Qb6 15. Bg5 Nac7 16. Bxe7 Nxe7 17. Nd6+ Kf8 18. Nd2 Rg5 19. N2e4 Rg6 20. Nc5 Rd8 21. Bxg6 Nxg6 22. Ncxb7 Rd7 23. Nc5 Rd8 24. Qg4 b4 25. axb4 Qxb4 26. Rxa7 Qb6 27. Rxc7 Qxc7 28. Qxg6 Rb8 29. Qxe6 Qe7 30. Qxe7+ Kxe7 31. b3 Rb4 32. Rd1 g5 33. f3 f6 34. Nde4 fxe5 35. dxe5 g4 36. Rd7+ Ke8 37. Nf6+ Kf8 38. e6 gxh3 39. Rf7# 1-0


[Site "https://www.chess.com"]

[Event "Titled Tuesday Blitz May 10 Late 2022"]
[White "Melkumyan, Hrant"]
[Black "Holt, Conrad"]
[WhiteFideId "13302485"]
[BlackFideId "2034387"]
[WhiteElo "2604"]
[BlackElo "2586"]
[Result "1-0"]
[Round "10"]
[TimeControl "180+1"]
[Date "2022.05.10"]
[WhiteClock "0:00:54"]
[BlackClock "0:00:08"]

1. c4 c6 2. Nf3 d5 3. e3 Nf6 4. Nc3 Nbd7 5. d4 e6 6. Be2 b6 7. O-O Bb7 8. b3 Bd6 9. Bb2 O-O 10. Qc2 Qe7 11. Rad1 dxc4 12. bxc4 e5 13. Rfe1 Rfe8 14. h3 e4 15. Nd2 c5 16. d5 Qe5 17. Nf1 Qg5 18. Nb5 Be5 19. d6 Bxb2 20. Qxb2 Re5 21. a4 a5 22. Rb1 Bc6 23. Red1 h5 24. Ng3 Rb8 25. Bf1 h4 26. Ne2 Nf8 27. Nf4 Bd7 28. Nc3 Ne6 29. Qd2 Rf5 30. Nfd5 Nxd5 31. Nxd5 Re5 32. Rxb6 Rd8 33. Qxa5 Nf8 34. Kh1 Kh7 35. Rb7 Be6 36. Nf4 Ng6 37. Nxe6 Rxe6 38. Qc7 Ne5 39. Rd5 Rd7 40. Qxd7 Nxd7 41. Rxg5 1-0


[Site "https://www.chess.com"]

[Event "Titled Tuesday Blitz May 10 Late 2022"]
[White "Miszler, Levente"]
[Black "Guz, Ari"]
[WhiteFideId "763276"]
[BlackFideId "2825759"]
[WhiteElo "1966"]
[BlackElo "1913"]
[Result "0-1"]
[Round "10"]
[TimeControl "180+1"]
[Date "2022.05.11"]
[WhiteClock "0:02:06"]
[BlackClock "0:02:34"]

1. Nf3 g6 2. c4 Bg7 3. g3 Nf6 4. Bg2 O-O 5. O-O c6 6. Nc3 d5 7. cxd5 Nxd5 8. Rb1 Be6 9. a3 Na6 10. d4 Nac7 11. e4 Nxc3 12. bxc3 Bc4 13. Re1 Nb5 14. Qc2 Qa5 15. a4 Qxc3 16. Rb2 Qxc2 17. Rxc2 Bb3 0-1


[Site "https://www.chess.com"]

[Event "Titled Tuesday Blitz May 10 Late 2022"]
[White "Nozdrachev, Leonid"]
[Black "Vlassov, Nikolai"]
[WhiteFideId "24113433"]
[BlackFideId "4103360"]
[WhiteElo "2255"]
[BlackElo "2407"]
[Result "0-1"]
[Round "10"]
[TimeControl "180+1"]
[Date "2022.05.11"]
[WhiteClock "0:00:01"]
[BlackClock "0:00:18"]

1. e4 Nc6 2. d4 d5 3. Nc3 Nf6 4. e5 Nd7 5. Nxd5 Ndb8 6. Bc4 Na5 7. Ne3 Nxc4 8. Nxc4 b5 9. Qf3 c6 10. Na3 Qxd4 11. Ne2 Qxe5 12. O-O h5 13. Bf4 Qxb2 14. Rab1 Qf6 15. Nxb5 Na6 16. h3 e5 17. Qe3 Bc5 18. Nbd4 Bxd4 19. Nxd4 Qxf4 20. Nxc6 Qxe3 21. fxe3 f6 22. Na5 Nc5 23. Nc4 Ke7 24. Rb5 Ne4 25. Ra5 a6 26. Nxe5 fxe5 27. Rxe5+ Be6 28. Rxe4 Rhc8 29. Rf5 Rxc2 30. Rfe5 Rc6 31. Rxh5 Rb8 32. Ra5 Rb2 33. Kh2 Kf6 34. Rf4+ Kg6 35. Rf3 Rxa2 36. Rg3+ Kf6 37. Rag5 Rc7 38. Rg6+ Ke5 39. Rxg7 Rxg7 40. Rxg7 a5 41. Rb7 a4 42. Rb5+ Kf6 43. Ra5 a3 44. Kg3 Ra1 45. Kf4 a2 0-1


[Site "https://www.chess.com"]

[Event "Titled Tuesday Blitz May 10 Late 2022"]
[White "Omariev, Maksim"]
[Black "Joubert, Dantelle"]
[WhiteFideId "4193423"]
[BlackFideId "14310813"]
[WhiteElo "2472"]
[BlackElo "1507"]
[Result "1-0"]
[Round "10"]
[TimeControl "180+1"]
[Date "2022.05.11"]
[WhiteClock "0:01:31"]
[BlackClock "0:00:42"]

1. g4 d5 2. Bg2 c6 3. h3 Nf6 4. d4 Nbd7 5. Nf3 g6 6. c3 Bg7 7. Bf4 Qb6 8. Qc2 a5 9. Nbd2 a4 10. g5 Nh5 11. Be3 e5 12. Nxe5 Nxe5 13. dxe5 Qc7 14. f4 Bf5 15. Qc1 Ng3 16. Rg1 Be6 17. Bf2 Nf5 18. e4 dxe4 19. Nxe4 O-O-O 20. Qc2 Qa5 21. Nc5 Bd5 22. Nxa4 Bxg2 23. Rxg2 Rd5 24. Nb6+ Kc7 25. b4 1-0


[Site "https://www.chess.com"]

[Event "Titled Tuesday Blitz May 10 Late 2022"]
[White "Paravyan, David"]
[Black "Jones, Gawain C B"]
[WhiteFideId "4194985"]
[BlackFideId "409561"]
[WhiteElo "2569"]
[BlackElo "2657"]
[Result "1-0"]
[Round "10"]
[TimeControl "180+1"]
[Date "2022.05.10"]
[WhiteClock "0:00:48"]
[BlackClock "0:00:15"]

1. e4 Nf6 2. e5 Nd5 3. d4 d6 4. c4 Nb6 5. f4 g5 6. Nf3 g4 7. Ng5 h6 8. Ne4 dxe5 9. fxe5 Nc6 10. Be3 Bf5 11. Nbc3 Bg7 12. Be2 e6 13. O-O h5 14. Kh1 h4 15. Bxg4 Bg6 16. c5 Nc4 17. Bg1 h3 18. gxh3 Qd7 19. Qe2 N4xe5 20. dxe5 Nxe5 21. Bf3 Nxf3 22. Qxf3 O-O-O 23. Rad1 Qe7 24. c6 b6 25. Qe2 1-0


[Site "https://www.chess.com"]

[Event "Titled Tuesday Blitz May 10 Late 2022"]
[White "Peralta, Eduardo"]
[Black "Dilmukhametov, Artur"]
[WhiteFideId "3700062"]
[BlackFideId "24179922"]
[WhiteElo "2125"]
[BlackElo "2206"]
[Result "1-0"]
[Round "10"]
[TimeControl "180+1"]
[Date "2022.05.10"]
[WhiteClock "0:00:05"]
[BlackClock "0:00:04"]

1. Nf3 d5 2. g3 Nf6 3. Bg2 c6 4. O-O Bg4 5. d4 Nbd7 6. h3 Bh5 7. Bf4 e6 8. Nbd2 Be7 9. c4 a6 10. Rc1 O-O 11. a3 Rc8 12. c5 Bg6 13. Nh4 Be4 14. f3 Bg6 15. Nxg6 hxg6 16. b4 Nh5 17. Qe1 Nxf4 18. gxf4 Bh4 19. Qd1 g5 20. fxg5 Qxg5 21. f4 Qh6 22. e3 g6 23. Qg4 Nf6 24. Qf3 Kg7 25. a4 Rh8 26. Rb1 Nh5 27. b5 axb5 28. axb5 Ng3 29. Rfd1 Nf5 30. Nf1 Bf6 31. Ra1 Nh4 32. Qg4 Nxg2 33. Kxg2 cxb5 34. Ra7 Ra8 35. Rxb7 Ra2+ 36. Rd2 Rha8 37. Qxe6 Rxd2+ 38. Nxd2 Rf8 39. c6 Qh4 40. Nf3 Qh8 41. Qxd5 b4 42. Qb3 g5 43. fxg5 Bd8 44. Qxb4 Re8 45. Qc4 Qh5 46. Qc3 Bxg5 47. d5+ Bf6 48. Qd3 Ra8 49. Qc2 Qxd5 50. Rd7 Qe6 51. Rd2 Qxe3 52. c7 Qe6 53. Re2 Qd5 54. Rd2 Qe6 55. Qc5 Rc8 56. Rc2 Qe4 57. Rc1 Kh7 58. Qc2 Rg8+ 59. Kf2 Qxc2+ 60. Rxc2 Rc8 61. Ke3 Kg6 62. Ke4 Re8+ 63. Kd5 Rc8 64. Kc6 Bd8 65. Kd7 Rxc7+ 66. Rxc7 Bxc7 67. Kxc7 Kf5 68. Kd6 Kf4 69. Ng1 Kg3 70. Ke5 Kg2 71. Kf6 1-0


[Site "https://www.chess.com"]

[Event "Titled Tuesday Blitz May 10 Late 2022"]
[White "Petrova, Irina"]
[Black "Moral Garcia, Serafin"]
[WhiteFideId "14124122"]
[BlackFideId "2201925"]
[WhiteElo "1993"]
[BlackElo "2228"]
[Result "1-0"]
[Round "10"]
[TimeControl "180+1"]
[Date "2022.05.11"]
[WhiteClock "0:02:10"]
[BlackClock "0:02:52"]

1. e4 e5 2. Nf3 Nc6 3. Bb5 a6 4. Ba4 Nf6 5. d3 d6 6. c4 g6 7. Nc3 Bg7 8. Bg5 h6 9. Bh4 O-O 10. h3 g5 11. Bg3 Ne7 12. h4 g4 13. Nh2 Ng6 14. h5 Nxh5 15. Nxg4 Nxg3 16. fxg3 Qg5 17. Nf2 1-0


[Site "https://www.chess.com"]

[Event "Titled Tuesday Blitz May 10 Late 2022"]
[White "Petrovskyi, Vadym"]
[Black "Martic, Ivan"]
[WhiteFideId "14165210"]
[BlackFideId "929301"]
[WhiteElo "2400"]
[BlackElo "2317"]
[Result "1-0"]
[Round "10"]
[TimeControl "180+1"]
[Date "2022.05.10"]
[WhiteClock "0:01:29"]
[BlackClock "0:00:29"]

1. e4 c5 2. Nf3 e6 3. d4 cxd4 4. Nxd4 a6 5. Bd3 Ne7 6. O-O Nec6 7. c3 d6 8. f4 Be7 9. Be3 O-O 10. Nd2 Nd7 11. a4 Qc7 12. Kh1 Rb8 13. Qe2 Bf6 14. Nc4 Re8 15. e5 dxe5 16. Nxc6 bxc6 17. fxe5 Nxe5 18. Bf4 c5 19. Bxe5 Bxe5 20. Nxe5 f5 21. Bc4 Bb7 22. Rxf5 Bd5 23. Rff1 Rf8 24. Bxa6 h5 25. Bb5 h4 26. h3 Rf5 27. Rxf5 exf5 28. Bc4 Bxc4 29. Qxc4+ Kh7 30. Qxh4+ Kg8 31. Qc4+ Kh7 32. Re1 Rxb2 33. Qf4 g6 34. Nxg6 1-0


[Site "https://www.chess.com"]

[Event "Titled Tuesday Blitz May 10 Late 2022"]
[White "Postny, Evgeny"]
[Black "Alexiadis, Hristos"]
[WhiteFideId "2804344"]
[BlackFideId "4249623"]
[WhiteElo "2500"]
[BlackElo "2416"]
[Result "0-1"]
[Round "10"]
[TimeControl "180+1"]
[Date "2022.05.10"]
[WhiteClock "0:00:03"]
[BlackClock "0:00:26"]

1. e4 e6 2. d4 d5 3. Nd2 dxe4 4. Nxe4 Be7 5. Nf3 Nd7 6. Bd3 Ngf6 7. Ned2 b6 8. O-O Bb7 9. Nc4 O-O 10. Qe2 c5 11. Rd1 Qc7 12. a4 Rac8 13. Bg5 h6 14. Bh4 Bxf3 15. Qxf3 cxd4 16. Re1 e5 17. Bxf6 Bxf6 18. b4 g6 19. h4 h5 20. Qg3 Qd8 21. Nd6 Rc6 22. Nxf7 Rxf7 23. Qxg6+ Rg7 24. Qxh5 Bxh4 25. Re4 Bg5 26. Qh3 Rh6 27. Qf5 Qf6 28. Qxf6 Rxf6 29. a5 Rf4 30. axb6 axb6 31. Ra8+ Kf7 32. Ra7 Ke6 33. Re1 Kd6 34. g3 Rff7 35. Be4 Bd2 36. Rea1 Bxb4 37. Ra8 Bc5 38. Rd8 d3 39. cxd3 Bxf2+ 0-1


[Site "https://www.chess.com"]

[Event "Titled Tuesday Blitz May 10 Late 2022"]
[White "Pranav, V"]
[Black "Rustemov, Alexander"]
[WhiteFideId "25060783"]
[BlackFideId "4119002"]
[WhiteElo "2349"]
[BlackElo "2763"]
[Result "1-0"]
[Round "10"]
[TimeControl "180+1"]
[Date "2022.05.10"]
[WhiteClock "0:01:38"]
[BlackClock "0:00:33"]

1. e4 e6 2. d4 d5 3. Bd3 dxe4 4. Bxe4 Nf6 5. Bf3 Nbd7 6. Ne2 Bd6 7. O-O O-O 8. c4 c6 9. Nbc3 e5 10. h3 exd4 11. Nxd4 Ne5 12. Be2 Re8 13. Bg5 h6 14. Bh4 Ng6 15. Bg3 Bxg3 16. fxg3 Qb6 17. Na4 Qc7 18. Kh2 Ne4 19. Qd3 Ne5 20. Qxe4 Ng4+ 21. Qxg4 Bxg4 22. Bxg4 Re4 23. Nf5 Rxc4 24. Nc3 Re8 25. Rad1 Qe5 26. Nd6 Rxc3 27. bxc3 Rf8 28. Nxf7 Qe7 29. Rd7 Qe3 30. Rxb7 Re8 31. Nd6 Re7 32. Nf5 1-0


[Site "https://www.chess.com"]

[Event "Titled Tuesday Blitz May 10 Late 2022"]
[White "Prohorov, Olexandr"]
[Black "Bifulco, Michel"]
[WhiteFideId "14105578"]
[BlackFideId "828580"]
[WhiteElo "1993"]
[BlackElo "2165"]
[Result "1-0"]
[Round "10"]
[TimeControl "180+1"]
[Date "2022.05.11"]
[WhiteClock "0:01:30"]
[BlackClock "0:01:11"]

1. d4 Nf6 2. c4 g6 3. Nc3 Bg7 4. Nf3 O-O 5. e4 d6 6. Be2 e5 7. O-O Nc6 8. Re1 exd4 9. Nxd4 Nxd4 10. Qxd4 Re8 11. Qd3 Be6 12. Be3 Ng4 13. Bxg4 Bxg4 14. Bd4 Bh6 15. Nd5 Re6 16. f3 c6 17. Ne3 Bh5 18. g4 Qg5 19. Kh1 c5 20. Bc3 Qh4 21. gxh5 Bf4 22. Qc2 Qxh5 23. Qg2 f5 24. Nd5 fxe4 25. Nxf4 1-0


[Site "https://www.chess.com"]

[Event "Titled Tuesday Blitz May 10 Late 2022"]
[White "Ramirez Vido, Robert Yorisan"]
[Black "Petrovic, Aleksa"]
[WhiteFideId "3513823"]
[BlackFideId "967629"]
[WhiteElo "2349"]
[BlackElo "2144"]
[Result "1-0"]
[Round "10"]
[TimeControl "180+1"]
[Date "2022.05.11"]
[WhiteClock "0:00:15"]
[BlackClock "0:00:05"]

1. Nf3 Nf6 2. g3 d5 3. Bg2 Bg4 4. Ne5 Bf5 5. O-O Nbd7 6. Nf3 e5 7. d3 Bd6 8. c4 c6 9. cxd5 cxd5 10. Nc3 O-O 11. Bg5 h6 12. Bxf6 Nxf6 13. Qb3 d4 14. Nb5 Be6 15. Qd1 Bb8 16. Nd2 Qd7 17. a4 Bh3 18. Nc4 Bxg2 19. Kxg2 a6 20. Nba3 b5 21. axb5 axb5 22. Nd2 Bd6 23. Kg1 Bxa3 24. Rxa3 Rxa3 25. bxa3 Nd5 26. Ne4 f5 27. Nc5 Qc6 28. Nb3 Nc3 29. Qc2 Ra8 30. Ra1 Qd6 31. Qb2 Ra4 32. Nc1 Qa6 33. Qb3+ Kh7 34. Qf7 Qg6 35. Qd7 b4 36. Qe7 Qf6 37. Qc5 bxa3 38. Rxa3 Rxa3 39. Qxa3 e4 40. Qc5 exd3 41. exd3 f4 42. Nb3 fxg3 43. hxg3 Ne2+ 44. Kg2 Qe6 45. Nxd4 Nxd4 46. Qxd4 g6 47. Qe4 Qd6 48. d4 Kg7 49. Qe5+ Qxe5 50. dxe5 Kf7 51. Kf3 Ke6 52. Ke4 g5 53. f4 g4 54. f5+ Kf7 55. Kf4 1-0


[Site "https://www.chess.com"]

[Event "Titled Tuesday Blitz May 10 Late 2022"]
[White "Remolar Gallen, Jose"]
[Black "Tanenbaum, Zachary"]
[WhiteFideId "2215187"]
[BlackFideId "2060850"]
[WhiteElo "2205"]
[BlackElo "2168"]
[Result "0-1"]
[Round "10"]
[TimeControl "180+1"]
[Date "2022.05.11"]
[WhiteClock "0:00:18"]
[BlackClock "0:01:56"]

1. e4 e5 2. f4 Nc6 3. Nf3 d6 4. Bc4 Nf6 5. O-O Bg4 6. h3 Bxf3 7. Qxf3 Nd4 8. Qd1 Be7 9. c3 Nc6 10. d4 exd4 11. cxd4 Nxe4 12. d5 Nb8 13. Qd4 Nf6 14. Nc3 O-O 15. Be3 Nbd7 16. Rae1 Re8 17. g4 g6 18. Bf2 a6 19. a4 Bf8 20. Bh4 Bg7 21. Re6 Nxg4 22. Qxg7+ Kxg7 23. Bxd8 fxe6 24. dxe6 Rexd8 25. exd7 Ne3 0-1


[Site "https://www.chess.com"]

[Event "Titled Tuesday Blitz May 10 Late 2022"]
[White "RestartingChess"]
[Black "Papp, Levente"]
[BlackFideId "751243"]
[WhiteElo "2507"]
[BlackElo "2308"]
[Result "0-1"]
[Round "10"]
[TimeControl "180+1"]
[Date "2022.05.11"]
[WhiteClock "0:00:04"]
[BlackClock "0:00:06"]

1. e4 e6 2. d4 d5 3. exd5 exd5 4. c4 Nf6 5. Nc3 Bb4 6. Nf3 O-O 7. Be2 Be6 8. O-O dxc4 9. Ne5 h6 10. Bxc4 Bxc4 11. Nxc4 c6 12. Ne3 Nbd7 13. d5 Bxc3 14. bxc3 cxd5 15. Nxd5 Nb6 16. Nxf6+ Qxf6 17. Qb3 Rac8 18. Bb2 Rfe8 19. c4 Qc6 20. Qg3 f6 21. Rac1 Nxc4 22. Rfd1 Qe6 23. Qb3 Qe2 24. Bd4 b6 25. Bxf6 gxf6 26. Qg3+ Kh8 27. Qg6 Qe7 28. Qxh6+ Kg8 29. Qh5 Ne5 30. Rxc8 Rxc8 31. f4 Qc5+ 32. Kh1 Nf7 33. Qg6+ Kf8 34. Qxf6 Qc2 35. Re1 Qe2 36. Qh4 Qxa2 37. Qe7+ Kg8 38. h3 Qf2 39. Qe6 Rc2 40. Qg4+ Kf8 41. Rd1 Qe3 42. Rd7 Rc1+ 43. Kh2 Qg1+ 44. Kg3 Qe1+ 45. Kh2 Qh1+ 46. Kg3 Rc3+ 47. Kh4 Qe1+ 48. Kh5 Rc5+ 49. f5 Qe8 50. Rxa7 Ne5+ 51. Kh4 Nxg4 52. hxg4 Qd8+ 53. g5 Rxf5 54. g4 Qxg5+ 55. Kg3 Rf4 56. Ra4 Qxg4+ 0-1


[Site "https://www.chess.com"]